 Dungeon Crawl Stone Soup version 0.31.0-1-g2c135a008e (webtiles) character file.

Game seed: 13250576018966618253

44 qw the Shooter (level 3, 0/29 HPs)
             Began as a Djinni Hunter on Jan 23, 2024.
             Slain by Sigmund
             ... wielding a +0 scythe
              (5 damage)
             ... on level 2 of the Dungeon.
             The game lasted 00:00:04 (1178 turns).

qw the Shooter (Djinni Hunter)                      Turns: 1178, Time: 00:00:05

Health: 0/29       AC:  3    Str: 10    XL:     3   Next: 85%
Gold:   45         EV: 12    Int: 10    God:
                   SH:  0    Dex: 18

rFire   + + .        a - +0 shortbow
rCold   x . .        (shield currently unavailable)
rNeg    . . .        c - +0 leather armour
rPois   inf          (no helmet)
rElec   .            (no cloak)
rCorr   .            (no gloves)
SInv    .            (boots unavailable)
Will    .....        (no amulet)
Stlth   ++           (no ring)
HPRegen 0.24/turn    (no ring)
MPRegen 0.00/turn

%: infuse magic (-1 HP)
@: flying
A: sickness immunity, fire resistance 2, cold vulnerability 1, float, innate
caster, HP casting, extra vitality 1
a: no special abilities


You were on level 2 of the Dungeon.
You visited 1 branch of the dungeon, and saw 2 of its levels.

You collected 45 gold pieces.


Innate Abilities, Weirdness & Mutations

You are immune to sickness and miasma.
You are immune to poison.
Your flesh is very heat resistant. (rF++)
You are vulnerable to cold. (rC-)
You float through the air rather than walking.
You learn spells naturally, not from books.
Your magical power is your life essence.
You have superior vitality. (+4 MHP)


   Skills:
 + Level 2.7 Fighting
 - Level 4.0 Ranged Weapons
 - Level 2.1 Dodging
 - Level 0.7 Stealth


You knew the following spells:

 Your Spells              Type           Power      Damage    Failure   Level
a - Summon Small Mammal   Summ           0%         N/A       45%         1
Your spell library was empty.

Inventory:

Hand Weapons
 a - a +0 shortbow (weapon)
Armour
 c - a +0 leather armour (worn)
 h - a +0 ring mail
Scrolls
 b - a scroll of identify
 d - 3 scrolls of blinking {unknown}
 f - a scroll of acquirement {unknown}
Potions
 e - a potion of might {unknown}
 g - a potion of invisibility {unknown}
 k - a potion of curing {unknown}

Dungeon Overview and Level Annotations

Branches:
Dungeon (2/15)

Altars:

Annotations:
D:2 Sigmund


Message History

The endoplasm is moderately wounded.
You shoot an arrow. The arrow hits the endoplasm.
The endoplasm is almost dead.
The endoplasm jiggles.
You shoot an arrow. The arrow hits the endoplasm.
You kill the endoplasm!
g - a fizzy orange potion
h - a +0 ring mail Sigmund shouts!
You shoot an arrow. The arrow hits Sigmund!
Sigmund is moderately wounded.
You shoot an arrow.
The arrow hits Sigmund but does no damage.
Sigmund is moderately wounded.
Sigmund gestures wildly while chanting.
Sigmund flickers and vanishes!
Deactivating autopickup; reactivate with Ctrl-A.
Something hits you!
You shoot an arrow. Something barely misses you.
You shoot an arrow. You shoot an arrow.
You hear some strange, mumbled words.
Something tries to affect you, but you resist.
You shoot an arrow. Something hits you.
You shoot an arrow. Something hits you but does no damage.
You shoot an arrow.
A magic dart appears from out of thin air!
The magic dart hits you.
You shoot an arrow. Something hits you!
You shoot an arrow. Something hits you.
You shoot an arrow. Something hits you but does no damage.
You shoot an arrow. Something hits you.
You die...

..###.........##########.#
..........................
.####..#####.############
#......#....#####
#.###.##.####...#### #
..#.##.##........#
###.#.{..##........###
..#.##.####..........#
#.#.#<.@.....##+##...#
#.#.###.#######.##...###
######.#.......##.....#......
#...............#.....#......
#.##..|.....................%
#..........##.#.....#.....
#..........##.............
#......<.%.##.............
#..........##..........>..


There were no monsters in sight!

Vanquished Creatures
  2 dart slugs (D:1)
  A ribbon worm (D:2)
  A ball python (D:1)
  5 endoplasms
  2 giant cockroaches (D:1)
  4 goblins
  3 hobgoblins
  2 jackals (D:2)
  A quokka (D:1)
  3 bats
  2 frilled lizards
  4 kobolds (D:1)
  2 rats (D:1)
32 creatures vanquished.

Notes
Turn   | Place    | Note
-------+----------+-------------------------------------------
     0 | D:1      | qw the Djinni Hunter began the quest for the Orb.
     0 | D:1      | Reached XP level 1. HP: 18/18 MP: 0/0
     0 | D:1      | 0 ||| qw: Version: 0.3-a-136-gdd3b4e8
     0 | D:1      | 0 ||| qw: Game counter: 1103
     0 | D:1      | 0 ||| qw: Melee chars always use a shield: true
     0 | D:1      | 0 ||| qw: God list: Okawaru
     0 | D:1      | 0 ||| qw: Allow faded altars: false
     0 | D:1      | 0 ||| qw: Do Orc after clearing Dungeon:15 true
     0 | D:1      | 0 ||| qw: Do second Lair branch before Depths: true
     0 | D:1      | 0 ||| qw: Lair rune preference: random
     0 | D:1      | 0 ||| qw: Goals: Normal
     0 | D:1      | 0 ||| PLANNING D:1-11
     2 | D:1      | Noticed a gargoyle
     4 | D:1      | Noticed a spriggan
     6 | D:1      | Noticed a barachi
     8 | D:1      | Noticed a djinni
     8 | D:1      | Noticed a tengu
    10 | D:1      | Noticed a naga
    10 | D:1      | Noticed a demigod
    12 | D:1      | Noticed a felid
    14 | D:1      | Noticed a vampire
    14 | D:1      | Noticed a troll
    16 | D:1      | Noticed a human
    16 | D:1      | Noticed a vine stalker
    18 | D:1      | Noticed a demonspawn
    18 | D:1      | Noticed an oni
    20 | D:1      | Noticed a merfolk
    20 | D:1      | Noticed a minotaur
    22 | D:1      | Noticed a formicid
    22 | D:1      | Noticed an armataur
    25 | D:1      | Noticed a draconian
    25 | D:1      | Noticed an elf
    27 | D:1      | Noticed a ghoul
    27 | D:1      | Noticed an octopode
   105 | D:1      | Reached XP level 2. HP: 20/23 MP: 0/0
   115 | D:1      | Found a faded altar of an unknown god.
   354 | D:1      | Reached XP level 3. HP: 28/28 MP: 0/0
   354 | D:1      | Learned a level 1 spell: Summon Small Mammal
   394 | D:1      | Reached skill level 4 in Ranged Weapons
   746 | D:1      | 746 ||| DROPPING ring of wizardry.
   747 | D:1      | 747 ||| READING scroll labelled ZAUJEI XUMORIW.
   747 | D:1      | 747 ||| IDENTIFYING black potion
   748 | D:1      | 748 ||| READING scroll labelled FYNA POIFFOECH.
   749 | D:1      | 749 ||| READING scroll labelled PIF DIOMNIMN.
   750 | D:1      | 750 ||| READING scroll labelled GIXUTS OFFI.
   751 | D:1      | 751 ||| READING scroll labelled QOIJAO PUSHIBY.
   754 | D:1      | 754 ||| DROPPING scroll of butterflies.
   755 | D:1      | 755 ||| DROPPING potion of degeneration.
   805 | D:2      | Noticed Sigmund
  1176 | D:2      | HP: 5/29 [something (4)]
  1178 | D:2      | Slain by Sigmund

Levels and vault maps discovered:
D:1:      kb_arrival_jail, layout_rooms, hellmonk_ecumenical_altar_arch_garden,
          kennysheep_decorative_pillar, grunt_decor_arrowhead, dk_noncrumbling_3
D:2:      layout_basic, uniq_sigmund

Skill      XL: |  1  2  3 |
---------------+----------+-----
Ranged Weapons | 4 |  4.0
Fighting       | |  2.7
Dodging        | |  2.1
Stealth        | |  0.7

Action                     || total
---------------------------++-------
   Fire: Shortbow          ||    98
    Use: Scroll            ||     5
 Armour: Leather armour    ||    24
  Dodge: Dodged            ||    20

Table legend:
 A = Non-vault XP
 B = Vault XP
 C = Vault XP percentage of total XP
 D = Non-vault monster count
 E = Vault monster count
 F = Vault count percentage of total count
                 A         B        C        D         E       F
            +---------+---------+-------+---------+---------+-------
      Total |      63 |       0 |   0.0 |      32 |       0 |   0.0
            +---------+---------+-------+---------+---------+-------
        D:1 |      36 |       0 |   0.0 |      19 |       0 |   0.0
        D:2 |      27 |       0 |   0.0 |      13 |       0 |   0.0
            +---------+---------+-------+---------+---------+-------
